 Dungeon Crawl Stone Soup version 0.22-a0-91-g23542c2 (webtiles) character file.

287 4thArraOfDagon the Firebug (level 6, -3/41 HPs)
             Began as a Human Fire Elementalist on Jan 22, 2018.
             Slain by a hippogriff (4 damage)
             ... on level 7 of the Dungeon.
             The game lasted 00:07:16 (1578 turns).

4thArraOfDagon the Firebug (HuFE)                   Turns: 1578, Time: 00:07:16

Health: -3/41      AC:  3    Str:  8    XL:     6   Next: 56%
Magic:  3/10       EV: 12    Int: 17    God:
Gold:   122        SH:  0    Dex: 14    Spells: 3/11 levels left

rFire    . . .     SeeInvis .   l - -3 hand axe (curse)
rCold    . . .     Gourm    .   (no shield)
rNeg     . . .     Faith    .   a - +0 robe
rPois    .         Spirit   .   q - +0 helmet
rElec    .         Reflect  .   (no cloak)
rCorr    .         Harm     .   (no gloves)
MR       .....                  (no boots)
Stlth    ++........             m - amulet of inaccuracy (curse)
HPRegen  0.13/turn              (no ring)
MPRegen  0.12/turn              (no ring)

@: hasted, very quick
A: no striking features
a: no special abilities


You were on level 7 of the Dungeon.
You were very hungry.

You visited 1 branch of the dungeon, and saw 7 of its levels.

You collected 122 gold pieces.

Inventory:

Hand Weapons
 j - a +1 mace
 l - a cursed -3 hand axe (weapon)
Missiles
 n - a poisoned tomahawk (quivered)
Armour
 a - a +0 robe (worn)
 k - a cursed +0 scale mail
 q - a +0 helmet (worn)
Jewellery
 m - a cursed amulet of inaccuracy (around neck)
Scrolls
 e - 2 scrolls of teleportation
 g - a scroll of enchant weapon
 i - a scroll of enchant armour
 o - a scroll of remove curse {unknown}
Potions
 d - a potion of curing
 f - 3 potions of flight
 h - a potion of haste
 p - a potion of heal wounds {unknown}
Books
 b - a book of Flames

   Spells                             Type                      Level
   a - Flame Tongue                   Conjuration/Fire             1
   b - Throw Flame                    Conjuration/Fire             2
   c - Conjure Flame                  Conjuration/Fire             3
   d - Inner Flame                    Hexes/Fire                   3
   e - Sticky Flame                   Conjuration/Fire             4
   f - Fireball                       Conjuration/Fire             5
Comestibles
 c - 6 rations


   Skills:
 - Level 2.0 Dodging
 - Level 2.0 Stealth
 + Level 3.1 Spellcasting
 * Level 3.9 Conjurations
 * Level 4.9 Fire Magic


You had 3 spell levels left.
You knew the following spells:

 Your Spells              Type           Power        Failure   Level  Hunger
a - Flame Tongue          Conj/Fire      ###..        2%          1    None
b - Conjure Flame         Conj/Fire      ###.....     9%          3    ###....
c - Sticky Flame          Conj/Fire      ###.....     28%         4    ####...


Dungeon Overview and Level Annotations

Branches:
Dungeon (7/15)
 Temple: D:4-7

Altars:
Ashenzari
Dithmenos
Ru
Uskayaw

Shops:
D:6 (   D:7 %

Annotations:
D:2 1 runed door
D:4 KristoblXynda's ghost, amateur DrMo
D:6 Vorshek's ghost, novice DgFi
D:7 Dowan; Duvessa


Message History

Unknown command.
Unknown command.
Unknown command.
The worker ant bites you!
* * * LOW HITPOINT WARNING * * *
Unknown command.
Unknown command.
Your surroundings suddenly seem different.
Found a stone staircase leading down.
An adder, a hippogriff and a hungry ghost come into view.
The hippogriff screeches!
The hungry ghost hits you.
* * * LOW HITPOINT WARNING * * *
You are feeling very hungry.
The hippogriff barely misses you. The hippogriff pecks you.
* * * LOW HITPOINT WARNING * * *
The hippogriff misses you.
Unknown command.
The hippogriff bites you.
You die...

#######.#
#..@....#
#WH.S...#
#.......#
#######>...
###


You could see a hippogriff, a hungry ghost and an adder (wandering).

Vanquished Creatures
  An ogre (D:7)
  2 bullfrogs (D:6)
  A hound (D:7)
  A bullfrog skeleton (D:6)
  An ooze (D:2)
  3 orcs
  2 bats
  A giant cockroach (D:5)
  3 hobgoblins
  A kobold (D:1)
  A quokka (D:4)
  A frilled lizard (D:1)
18 creatures vanquished.

Notes
Turn   | Place    | Note
-------+----------+-------------------------------------------
     0 | D:1      | 4thArraOfDagon the Human Fire Elementalist began the quest for the Orb.
     0 | D:1      | Reached XP level 1. HP: 13/13 MP: 3/3
     0 | D:1      | 4thArraOfDagon: ludzie sa slabi :p
   517 | D:2      | Found a runed door.
   578 | D:2      | Reached XP level 2. HP: 11/19 MP: 0/5
   684 | D:4      | Found a sacrificial altar of Ru.
   732 | D:4      | Noticed KristoblXynda's ghost (amateur DrMo)
   770 | D:4      | Noticed an ogre
   792 | D:5      | Entered Level 5 of the Dungeon
   885 | D:6      | 4thArraOfDagon: crab
   914 | D:6      | Found a shattered altar of Ashenzari.
   937 | D:6      | Reached XP level 3. HP: 12/24 MP: 0/6
   942 | D:6      | Learned a level 3 spell: Conjure Flame
  1001 | D:5      | Noticed an ogre
  1023 | D:5      | Found a shadowy altar of Dithmenos.
  1058 | D:5      | Found a hide-covered altar of Uskayaw.
  1103 | D:5      | Reached XP level 4. HP: 30/30 MP: 2/7
  1150 | D:6      | Noticed Vorshek's ghost (novice DgFi)
  1213 | D:6      | Found Suclud's Weapon Boutique.
  1290 | D:7      | Noticed an ogre
  1298 | D:7      | Killed an ogre
  1298 | D:7      | Reached skill level 4 in Fire Magic
  1298 | D:7      | Reached XP level 5. HP: 23/35 MP: 1/9
  1304 | D:7      | Learned a level 4 spell: Sticky Flame
  1307 | D:7      | Noticed a bullfrog
  1328 | D:6      | Noticed a bullfrog
  1419 | D:7      | Found Pyzuduxt's Food Shoppe.
  1419 | D:7      | Noticed an orc warrior
  1468 | D:6      | Killed a bullfrog
  1468 | D:6      | Reached XP level 6. HP: 37/41 MP: 0/10
  1478 | D:6      | Thaneod: dobrze chociaż że nie robe of folly
  1515 | D:6      | Noticed a phantom
  1559 | D:7      | Noticed Duvessa
  1561 | D:7      | Noticed Dowan
  1567 | D:7      | Noticed an orc warrior
  1577 | D:7      | Noticed a hungry ghost
  1577 | D:7      | Noticed a hippogriff
  1577 | D:7      | HP: 1/41 [hippogriff (4)]
  1578 | D:7      | Slain by a hippogriff

Vault maps used:
D:1:      dpeg_arrival_court, serial_forest, infiniplex_forest_corner_1,
          infiniplex_forest_zigzag_1, infiniplex_forest_lined_3,
          infiniplex_forest_clump_diagonal, infiniplex_forest_lined_2
D:2:      lemuel_upstairs_altar, first_ration, uniq_crazy_yiuf_cottage,
          uniq_robin
D:3:      nicolae_overflow_crystal_walls, lemuel_coloured_pillars_altar
D:4:      kennysheep_little_box, minmay_temple_entry_trees, enter_ossuary_1
D:5:      grunt_dithmenos_smoke_and_mirrors, bloody_trog, fedhas_altar_2,
          old_standard_altar, nicolae_qazlal_style_of_elements,
          old_standard_altar, minivault_4
D:6:      overflow_temple_1_default, serial_shops, nicolae_shop_waterfront,
          cheibrodos_ashenzari_chains
D:7:      serial_shops, shop, uniq_duvessa

Skill      XL: |  1  2  3  4  5  6 |
---------------+-------------------+-----
Conjurations   | 2 3 |  3.9
Fire Magic     | 4 |  4.9
Spellcasting   | 3 |  3.1
Dodging        | |  2.0
Stealth        | |  2.0

Action                   |  1- 3 |  4- 6 || total
-------------------------+-------+-------++-------
Melee: Hand axe          |       |     1 ||     1
Throw: Tomahawk          |     5 |     6 ||    11
 Cast: Flame Tongue      |    35 |     6 ||    41
       Conjure Flame     |     1 |     1 ||     2
       Sticky Flame      |       |     3 ||     3
  Use: Scroll            |     6 |     3 ||     9
       Potion            |     1 |     1 ||     2
  Eat: Chunk             |     1 |     2 ||     3
Armor: Robe              |    19 |       ||    19
Dodge: Dodged            |    42 |    20 ||    62

Table legend:
 A = Spawn XP
 B = Non-spawn XP
 C = Spawn XP percentage of total XP
 D = Spawn monster count
 E = Non-spawn monster count
 F = Spawn count percentage of total count
 G = Total turns spent on level
                    A         B        C        D         E        F      G
               +---------+---------+-------+---------+---------+-------+---------
         Total |       0 |     410 |   0.0 |       0 |      18 |   0.0 |  1578
               +---------+---------+-------+---------+---------+-------+---------
           D:1 |       0 |       7 |   0.0 |       0 |       4 |   0.0 |   349
           D:2 |       0 |      11 |   0.0 |       0 |       3 |   0.0 |   304
           D:3 |       0 |       2 |   0.0 |       0 |       1 |   0.0 |     5
           D:4 |       0 |       2 |   0.0 |       0 |       1 |   0.0 |   134
           D:5 |       0 |       8 |   0.0 |       0 |       3 |   0.0 |   186
           D:6 |       0 |     216 |   0.0 |       0 |       4 |   0.0 |   430
           D:7 |       0 |     164 |   0.0 |       0 |       2 |   0.0 |   170
               +---------+---------+-------+---------+---------+-------+---------
